 Dungeon Crawl Stone Soup version bcrawl-1.19.1 (webtiles) character file.

Game seed: 180680606901859370

341 Freyura the Cutter (level 6, -2/47 HPs)
             Began as a Demonspawn Gladiator on Dec 15, 2019.
             Slain by Edmund
             ... wielding a +2 dire flail of crushing
              (3 damage)
             ... on level 5 of the Dungeon.
             The game lasted 00:11:10 (4124 turns).

Freyura the Cutter (Demonspawn Gladiator)           Turns: 4124, Time: 00:11:11

Health: -2/47      AC: 10    Str: 14    XL:     6   Next: 30%
Magic:  0/6        EV: 13    Int:  9    God:
Gold:   315        SH:  4    Dex: 17    Spells: 5/5 levels left

rFire    + + .     SeeInvis .   a - +3 rapier
rCold    . . .     Gourm    .   o - +0 buckler
rNeg     . . .     Faith    .   p - +1 leather armour {rF+}
rPois    .         Spirit   +   c - +1 helmet
rElec    .         Reflect  .   (no cloak)
rCorr    .         Harm     .   e - +0 pair of gloves
MR       .....                  (no boots)
Stlth    +++.......             b - amulet of guardian spirit
HPRegen  0.15/turn              (no ring)
MPRegen  0.10/turn              (no ring)

@: no status effects
A: molten scales 2, fire resistance 1, nightstalker 1
a: no special abilities


You were on level 5 of the Dungeon.
You were not hungry.

You visited 1 branch of the dungeon, and saw 5 of its levels.

You collected 315 gold pieces.

Inventory:

Hand Weapons
 a - a +3 rapier (weapon)
Missiles
 d - 3 throwing nets (quivered) {!f}
Armour
 c - a +1 helmet (worn)
 e - a +0 pair of gloves (worn)
 n - a +0 robe
 o - a +0 buckler (worn)
 p - a +1 leather armour of fire resistance (worn)
Jewellery
 b - an amulet of guardian spirit (around neck)
 q - an uncursed amulet of regeneration
Scrolls
 g - 2 scrolls of amnesia
 h - a scroll of identify
 i - 2 scrolls of blinking
 k - a scroll of remove curse
Potions
 j - 3 potions of heal wounds
 m - a potion of haste {unknown}
 r - a potion of cancellation {unknown}
Comestibles
 f - 5 rations {!d}


   Skills:
 + Level 3.5 Fighting
 + Level 3.9 Short Blades
 - Level 1.7 Throwing
 + Level 3.9 Dodging
 + Level 2.8 Stealth
 + Level 1.2 Shields


You had 5 spell levels left.
You didn't know any spells.
Your spell library was empty.

Dungeon Overview and Level Annotations

Branches:
Dungeon (5/12)
 Temple: D:4-7

Altars:
The Shining One

Annotations:
D:5 Edmund


Innate Abilities, Weirdness & Mutations

You are mostly covered in molten scales. (AC +3)
Your flesh is heat resistant. (rF+)
You are slightly more attuned to the shadows.


Message History

You hit Edmund but do no damage.
Edmund is heavily wounded.
You block Edmund's attack.
You barely miss Edmund.
Edmund is heavily wounded.
Edmund completely misses you.
You hit Edmund.
Edmund is heavily wounded.
You block Edmund's attack.
You hit Edmund but do no damage.
Edmund is heavily wounded.
Edmund hits you with a +2 dire flail of crushing!
* * * LOW HITPOINT WARNING * * *
x2 You hit Edmund but do no damage.
Edmund is heavily wounded.
You hit Edmund but do no damage.
Edmund is heavily wounded.
Edmund hits you with a +2 dire flail of crushing!
* * * LOW HITPOINT WARNING * * *
You die...

#.# # #.# # #.##### #
#.....########
#(..........(#
##########....#####.##
......................
#######..........###<##
.....@@..........# #.##
.....#........^..# #.##
#### ###.##......# #.##
#.##......# #.##
...######## #.#. ...#
#.#> # .#. #... ##..


You could see Edmund.

Vanquished Creatures
  An ogre (D:4)
  A centaur skeleton (D:3)
  Jessica (D:2)
  An iguana (D:5)
  Robin (D:2)
  3 gnolls (D:4)
  An adder (D:3)
  An ooze (D:2)
  An adder skeleton (D:5)
  4 worms
  A dart slug (D:1)
  6 leopard geckos
  11 orcs
  2 giant cockroaches (D:2)
  19 goblins
  13 hobgoblins
  3 jackals (D:1)
  6 kobolds
  4 bats
  4 frilled lizards
  4 rats
88 creatures vanquished.

Notes
Turn   | Place    | Note
-------+----------+-------------------------------------------
     0 | D:1      | Freyura the Demonspawn Gladiator began the quest for the
                  | Orb.
     0 | D:1      | Reached XP level 1. HP: 16/16 MP: 1/1
   348 | D:1      | Gained mutation: You are slightly more attuned to the
                  | shadows. [demonic ancestry]
   348 | D:1      | Reached XP level 2. HP: 22/22 MP: 2/2
   554 | D:1      | Reached skill level 1 in Stealth
   991 | D:2      | Gained mutation: Your flesh is heat resistant. (rF+)
                  | [demonic ancestry]
   991 | D:2      | Reached XP level 3. HP: 15/28 MP: 3/3
  1229 | D:2      | Noticed Robin
  1252 | D:2      | Killed Robin
  1483 | D:2      | Noticed Jessica
  1488 | D:2      | Reached XP level 4. HP: 32/34 MP: 4/4
  1490 | D:2      | Killed Jessica
  2131 | D:3      | Gained mutation: You are partially covered in molten
                  | scales. (AC +2) [demonic ancestry]
  2131 | D:3      | Reached XP level 5. HP: 27/41 MP: 5/5
  2351 | D:3      | Found a glowing golden altar of the Shining One.
  3797 | D:4      | Noticed an ogre
  3805 | D:4      | Killed an ogre
  3805 | D:4      | Reached skill level 1 in Shields
  3805 | D:4      | Gained mutation: You are mostly covered in molten scales.
                  | (AC +3) [demonic ancestry]
  3805 | D:4      | Reached XP level 6. HP: 47/47 MP: 6/6
  3989 | D:5      | Entered Level 5 of the Dungeon
  4100 | D:5      | Noticed Edmund
  4124 | D:5      | HP: 1/47 [Edmund/+2 dire flail of crushing (10)]
  4124 | D:5      | Slain by Edmund

Skill      XL: |  1  2  3  4  5 |
---------------+----------------+-----
Stealth        | 1 2 |  2.8
Short Blades   | 3 |  3.9
Dodging        | 3 |  3.9
Fighting       | 3 |  3.5
Shields        | 1 |  1.2
Throwing       | |  1.7

Action                   |  1- 3 |  4- 6 || total
-------------------------+-------+-------++-------
Melee: Rapier            |   114 |   150 ||   264
  Use: Scroll            |     6 |     7 ||    13
       Potion            |     1 |     1 ||     2
 Stab: Sleeping          |     4 |     9 ||    13
  Eat: Chunk             |     2 |     6 ||     8
       Ration            |       |     1 ||     1
Armor: Leather armour    |    42 |    18 ||    60
       Robe              |       |     2 ||     2
Dodge: Dodged            |    67 |    67 ||   134
Block: Buckler           |       |    11 ||    11
